 Dungeon Crawl Stone Soup version 0.20-a0-754-g13ddd6e (webtiles) character file.

1350 CautiouslyOptimistic the Spear-Bearer (level 8, -15/60 HPs)
             Began as a Demonspawn Wanderer on Feb 27, 2017.
             Was an Initiate of Okawaru.
             Demolished by an orc warrior
             ... wielding a +1 dire flail of holy wrath
              (22 damage)
             ... on level 6 of the Dungeon.
             The game lasted 00:11:49 (5589 turns).

CautiouslyOptimistic the Spear-Bearer (DsWn)        Turns: 5589, Time: 00:11:50

Health: -15/60     AC: 10    Str: 14    XL:     8   Next: 36%
Magic:  0/9        EV:  9    Int: 20    God:    Okawaru [......]
Gold:   188        SH:  4    Dex:  9    Spells: 9/9 levels left

rFire    + . .     SeeInvis .   B - +3 spear (flame)
rCold    + . .     Gourm    +   G - +0 scale mail (curse)
rNeg     . . .     Faith    .   (no shield)
rPois    .         Spirit   +   e - +2 helmet
rElec    .         Reflect  .   (no cloak)
rCorr    .         Harm     .   o - +0 pair of gloves
MR       .....                  (no boots)
Stlth    ..........             x - amulet of the gourmand
Regen    0.2/turn               A - ring of protection from cold
MPRegen  0.3/turn               n - ring of protection from fire

@: no status effects
A: large bone plates 1, clever 1, evolution 1, magic shield, magic regeneration
a: Renounce Religion


You were on level 6 of the Dungeon.
You worshipped Okawaru.
Okawaru was noncommittal.
You were hungry.

You visited 2 branches of the dungeon, and saw 7 of its levels.

You collected 328 gold pieces.
You spent 140 gold pieces at shops.

Inventory:

Hand Weapons
 a - a +2 falchion
 u - a +0 spear
 B - a +3 spear of flaming (weapon)
Armour
 d - a +0 robe
 e - a +2 helmet (worn)
 o - a +0 pair of gloves (worn)
 p - a +0 ring mail
 G - a cursed +0 scale mail (worn)
Jewellery
 g - an uncursed ring of stealth
 n - a ring of protection from fire (left hand)
 r - a +4 ring of intelligence
 t - an uncursed amulet of magic regeneration
 x - an amulet of the gourmand (around neck)
 A - a ring of protection from cold (right hand)
Wands
 D - a wand of iceblast (3/15)
Scrolls
 c - 5 scrolls of teleportation
 i - 2 scrolls of noise
 j - 5 scrolls of identify
 k - a scroll of fear
 l - 2 scrolls of enchant armour
 m - 2 scrolls of remove curse
 y - a scroll of recharging
Potions
 q - 3 potions of heal wounds
 s - 4 potions of lignification
 w - 3 potions of curing
Books
 b - the Reference Book on Flames

   Spells                             Type                      Level
   a - Flame Tongue                   Conjuration/Fire             1
   b - Ignite Poison                  Fire/Transmutation/Poison    3
 v - a book of Minor Magic

   Spells                             Type                      Level
   a - Magic Dart                     Conjuration                  1
   b - Blink                          Translocation                2
   c - Call Imp                       Summoning                    2
   d - Slow                           Hexes                        2
   e - Conjure Flame                  Conjuration/Fire             3
   f - Mephitic Cloud                 Conjuration/Poison/Air       3
 C - a Young Poisoner's Handbook

   Spells                             Type                      Level
   a - Sting                          Conjuration/Poison           1
   b - Poisonous Vapours              Poison/Air                   2
   c - Mephitic Cloud                 Conjuration/Poison/Air       3
   d - Olgreb's Toxic Radiance        Poison                       4
   e - Venom Bolt                     Conjuration/Poison           5
Comestibles
 f - 3 bread rations
 h - 4 meat rations
 E - a royal jelly
 F - a fruit


   Skills:
 - Level 3.7 Fighting
 - Level 1.7 Long Blades
 + Level 8.9 Polearms
 - Level 1.0 Dodging
 - Level 1.0 Stealth
   Level 1.0 Shields
 - Level 1.0 Spellcasting
   Level 1.1 Necromancy
   Level 1.0 Fire Magic


You had 9 spell levels left.
You didn't know any spells.

Dungeon Overview and Level Annotations

Branches:
Dungeon (6/15)             Temple (1/1) D:6

Altars:
Ashenzari
Cheibriados
Gozag
Hepliaklqana
Kikubaaqudgha
Makhleb
Nemelex Xobeh
Okawaru
Qazlal
Ru
Sif Muna
Trog
Uskayaw
Vehumet
Wu Jian
Xom
Yredelemnul
Zin
The Shining One

Shops:
D:5 !!**


Innate Abilities, Weirdness & Mutations

You are partially covered in large bone plates. (SH +4)
When hurt, damage is shared between your health and your magic reserves.
You regenerate magic rapidly.
Your mind is acute. (Int +2)
You evolve.


Message History

Unknown command.
Evoke which item? (* to show all) (? for menu, Esc to quit)
Aiming: Iceblast
Press: ? - help, Shift-Dir - straight line The mass of ice explodes!
The iceblast engulfs the orc warrior.
The orc warrior is severely wounded.
This wand has 4 charges left.
The orc warrior hits you with a dire flail of holy wrath.
You convulse.
Unknown command.
Evoke which item? (* to show all) (? for menu, Esc to quit)
Aiming: Iceblast
Press: ? - help, Shift-Dir - straight line The mass of ice explodes!
The iceblast engulfs the orc warrior.
The orc warrior is severely wounded.
This wand has 3 charges left.
The orc warrior hits you with a dire flail of holy wrath!!
* * * LOW HITPOINT WARNING * * *
You convulse!!
You die...

########### ##.........#
#..........# #..........#
#######..........#
#.....).o@.......#######
#.##########...........# #
#####.........#............###
#.....#.#..##.#......<........
#.##o##.#..##.#.###....###....
#..........##.#.# #....# #....
####..#...###.#.# #....# ####.
##.#.......#.######## #.
####o#.#######....## #.


You could see an orc warrior.

Vanquished Creatures
  The ghost of anet the Vandal, an amateur HaWz of Ashenzari (D:4)
  A black bear (D:6)
  3 ogres
  3 scorpions
  2 howler monkeys (D:4)
  A crimson imp (D:5)
  2 hounds (D:4)
  An orc wizard (D:4)
  Jessica (D:3)
  A bullfrog skeleton (D:5)
  Ijyb (D:3)
  An iguana (D:6)
  Natasha (thrice) (D:2)
  3 worker ants
  A worker ant zombie (D:6)
  4 gnolls (D:4)
  7 adders
  An ooze (D:3)
  An adder zombie (D:6)
  4 worms
  4 dart slugs
  3 leopard geckos
  12 orcs
  3 giant cockroaches
  6 goblins
  8 hobgoblins
  10 jackals
  4 quokkas
  7 bats
  4 frilled lizards
  6 kobolds
  2 leopard gecko skeletons (D:4)
  A quokka skeleton (D:3)
  7 rats
119 creatures vanquished.

Notes
Turn   | Place    | Note
-------+----------+-------------------------------------------
     0 | D:1      | CautiouslyOptimistic the Demonspawn Wanderer began the quest for the Orb.
     0 | D:1      | CautiouslyOptimistic set off with: a +2 falchion, the Reference Book on Flames, a scroll of teleportation, a +0 robe, a bread ration
     0 | D:1      | Reached XP level 1. HP: 16/16 MP: 2/2
     0 | D:1      | Identified the Reference Book on Flames
   246 | D:1      | Gained mutation: You are partially covered in large bone plates. (SH +4) [demonic ancestry]
   246 | D:1      | Reached XP level 2. HP: 21/23 MP: 3/3
   827 | D:2      | Gained mutation: When hurt, damage is shared between your health and your magic reserves. [demonic ancestry]
   827 | D:2      | Reached XP level 3. HP: 25/29 MP: 4/4
  1161 | D:2      | Found a hazy altar of Hepliaklqana.
  1162 | D:2      | Found a shimmering altar of Xom.
  1162 | D:2      | Noticed a hell beast
  1163 | D:2      | Noticed a spectral ugly thing
  1163 | D:2      | Noticed a hell beast
  1168 | D:2      | Noticed Natasha
  1179 | D:2      | Killed Natasha
  1179 | D:2      | Reached skill level 1 in Polearms
  1179 | D:2      | Reached XP level 4. HP: 27/37 MP: 3/5
  1604 | D:2      | Reached skill level 2 in Polearms
  1660 | D:2      | Noticed Natasha
  1672 | D:2      | Killed Natasha
  1714 | D:2      | Noticed Natasha
  1723 | D:2      | Killed Natasha
  1723 | D:2      | Reached skill level 3 in Polearms
  1849 | D:3      | Reached XP level 5. HP: 42/42 MP: 6/6
  2013 | D:3      | Noticed Ijyb
  2048 | D:3      | Killed Ijyb
  2124 | D:3      | Noticed Jessica
  2163 | D:3      | Killed Jessica
  2163 | D:3      | Reached skill level 4 in Polearms
  2209 | D:3      | Found an opulent altar of Gozag.
  2686 | D:4      | Gained mutation: You regenerate magic rapidly. [demonic ancestry]
  2686 | D:4      | Reached XP level 6. HP: 27/48 MP: 5/7
  2712 | D:4      | Noticed anet's ghost (amateur HaWz)
  2938 | D:4      | Found a sparkling altar of Nemelex Xobeh.
  3074 | D:4      | Reached skill level 5 in Polearms
  3302 | D:4      | Killed anet's ghost
  3302 | D:4      | Reached skill level 6 in Polearms
  3302 | D:4      | Reached XP level 7. HP: 48/53 MP: 8/8
  4071 | D:4      | Reached skill level 7 in Polearms
  4086 | D:5      | Entered Level 5 of the Dungeon
  4387 | D:5      | Found Opyfod's General Store.
  4421 | D:5      | Found Womie's Weapon Emporium.
  4422 | D:5      | Found Nibb's General Store.
  4556 | D:5      | Found Sosur's Distillery.
  4575 | D:5      | Found Vamay's Distillery.
  4595 | D:5      | Reached skill level 8 in Polearms
  4595 | D:5      | Reached XP level 8. HP: 32/60 MP: 5/9
  4902 | D:5      | Bought a potion of heal wounds for 50 gold pieces
  4902 | D:5      | Bought 3 potions of curing for 90 gold pieces
  4994 | D:6      | Found a deep blue altar of Sif Muna.
  5065 | D:6      | Found a staircase to the Ecumenical Temple.
  5084 | Temple   | Entered the Ecumenical Temple
  5127 | Temple   | Became a worshipper of Warmaster Okawaru
  5568 | D:6      | Gained mutation: Your mind is acute. (Int +2) [potion of mutation]
  5568 | D:6      | Gained mutation: You evolve. [potion of mutation]
  5589 | D:6      | Demolished by an orc warrior

Vault maps used:
D:1:      dpeg_arrival_pits
D:2:      regret_index_temple_of_mockery, uniq_natasha
D:3:      nicolae_gozag_cash_rules_everything_around_me, uniq_iyjb, uniq_jessica
D:4:      nemelex_altar_shiori, first_bread
D:5:      serial_shops, shop_statue, shop, shop, nicolae_shop_window_shopping,
          shop
D:6:      nicolae_overflow_crystal_walls, general_overflow_altar,
          minmay_temple_entry_statues, bloody_trog
Temple:   nicolae_temple_x_marks_the_god

Skill      XL: |  1  2  3  4  5  6  7 |
---------------+----------------------+-----
Fighting       | 3 |  3.7
Polearms       | 1 3 4 6 8 |  8.9
Long Blades    | |  1.7
Dodging        | |  1.0
Stealth        | |  1.0
Shields        | |  1.0
Spellcasting   | |  1.0
Necromancy     | |  1.1
Fire Magic     | |  1.0

Action                   |  1- 3 |  4- 6 |  7- 9 || total
-------------------------+-------+-------+-------++-------
Melee: Falchion          |    90 |   202 |       ||   292
       Spear             |       |    20 |   220 ||   240
Evoke: Wand              |       |       |     4 ||     4
  Use: Potion            |       |     5 |     1 ||     6
       Scroll            |       |       |    11 ||    11
 Stab: Sleeping          |     1 |       |       ||     1
  Eat: Chunk             |     1 |     7 |     7 ||    15
Armor: Robe              |     2 |       |       ||     2
       Ring mail         |    15 |   100 |    26 ||   141
       Scale mail        |       |       |    16 ||    16
Dodge: Dodged            |    41 |   125 |    51 ||   217
Block: Other             |     9 |    42 |    19 ||    70
       Rpst.: Falchion   |    12 |    36 |       ||    48
